Map: Nightscape LE

Players

Anuviel

  • Race: Protoss Protoss
  • League: Diamond
  • Spawn Location: 7:00

Baxterry

  • Race: Terran Terran
  • League: Diamond
  • Spawn Location: 7:00

qqq - Winner!

  • Race: Protoss Protoss
  • League: Platinum
  • Spawn Location: 1:00

Massa - Winner!

  • Race: Terran Terran
  • League: Platinum
  • Spawn Location: 1:00

VOD

Have the link to the VOD?

Description

Time

  • Played on: Dec. 25, 2020, 10:50 a.m.
  • Length: 16:21
Show
View Real Time Build Order
Export as new Build Order

Anuviel Protoss 

Build Orders: Oracle Opening 

Get SALT Encoding   

  12  0:00  Probe  
  13  0:12  Probe  
  14  0:18  Pylon  
  14  0:25  Probe  
  15  0:37  Gateway  
  15  0:39  Probe  
  16  0:51  Probe (Chrono Boost)  
  16  0:54  Assimilator  
  17  1:10  Probe (Chrono Boost)  
  18  1:25  Cybernetics Core  
  18  1:29  Probe  
  19  1:34  Pylon  
  19  1:41  Probe  
  20  2:09  Probe  
  20  2:14  Assimilator  
  21  2:26  Pylon  
  21  2:40  Probe  
  22  2:51  Stargate  
  20  3:01  Probe (Chrono Boost)  
  21  3:10  Nexus  
  21  3:11  Probe (Chrono Boost)  
  18  3:35  Oracle  
  17  4:48  Assimilator  
  17  4:52  Assimilator  
  17  4:53  Pylon  
  17  5:12  Probe  
  18  5:24  Probe  
  19  5:29  Void Ray (Chrono Boost)  
  23  5:56  Probe  
  24  6:00  Void Ray (Chrono Boost)  
  24  6:08  Probe  
  29  6:20  Probe  
  30  6:32  Probe  
  31  6:38  Forge  
  31  6:44  Gateway  
  31  7:57  Nexus  
  31  8:04  Probe  
  29  8:14  Pylon  
  29  8:16  Probe, Pylon  
  29  8:18  Pylon  
  30  8:21  Pylon  
  30  8:28  Probe  
  35  8:40  Probe  
  32  8:52  Probe  
  25  9:05  Probe  
  17  9:23  Probe  
  16  9:33  Gateway  
  16  9:35  Probe (Chrono Boost)  
  16  9:37  Cybernetics Core  
  17  9:41  Pylon  
  17  9:44  Assimilator  
  17  9:47  Probe (Chrono Boost)  
  19  9:56  Probe (Chrono Boost)  
  19  10:01  Probe, Nexus  
  20  10:14  Probe  
  21  10:16  Twilight Council  
  21  10:26  Probe  
  22  10:31  Gateway  
  22  10:34  Pylon  
  22  10:38  Probe  
  23  10:50  Probe  
  23  10:55  Forge  
  24  11:02  Probe  
  25  11:09  Templar Archives  
  25  11:14  Probe (Chrono Boost)  
  25  11:16  Probe (Chrono Boost)  
  27  11:25  Probe (Chrono Boost)  
  29  11:26  Probe (Chrono Boost)  
  29  11:30  Probe (Chrono Boost)  
  29  11:34  Warp Gate  
  29  11:39  Psionic Storm  
  30  11:40  Gateway x2  
  30  11:43  Probe x2  
  32  11:48  Assimilator  
  32  11:54  High Templar x2  
  36  12:04  Probe x2  
  38  12:11  Assimilator  
  38  12:25  Protoss Ground Weapons Level 1  
  38  12:29  High Templar x2  
  42  12:33  High Templar x2  
  46  12:37  Probe x2  
  48  12:45  Charge (Chrono Boost)  
  48  12:49  Probe x2  
  50  13:01  Probe x2  
  52  13:08  Zealot  
  54  13:15  Pylon  
  54  13:18  Pylon  
  54  13:20  Pylon  
  54  13:31  Archon  
  54  13:33  Probe x2  
  60  13:45  Probe x2  
  60  13:50  Zealot  
  60  13:51  Zealot  
  62  13:57  Probe  
  63  14:03  Pylon  
  63  14:04  Pylon  
  63  14:05  Pylon  
  63  14:24  Zealot x4  
  31  14:51  Probe x2  
  33  14:56  Zealot x4  
  41  15:03  Probe x2  
  43  15:08  Gateway  
  43  15:11  Gateway  
  43  15:14  Gateway  
  43  15:15  Probe x2  
  45  15:27  Probe  
  42  15:36  Archon  
  34  15:46  Probe  
  34  15:47  Probe  
  32  15:52  Pylon  
  32  15:56  High Templar  
  32  15:57  High Templar x3  
  38  15:59  Probe x2  
  42  16:09  Zealot  
  42  16:10  Zealot x2  
Show
View Real Time Build Order
Export as new Build Order

Baxterry Terran 

Build Orders: Reaper Expand 

Get SALT Encoding   

  12  0:00  SCV  
  13  0:12  SCV  
  14  0:18  Supply Depot  
  14  0:24  SCV  
  15  0:39  SCV  
  16  0:45  Refinery  
  16  0:46  Barracks  
  16  0:51  SCV  
  17  1:03  SCV  
  18  1:16  SCV  
  19  1:39  Reaper  
  20  1:46  Command Center  
  20  1:48  SCV  
  20  2:08  Orbital Command  
  19  2:27  Factory  
  19  2:29  Refinery  
  19  2:35  SCV  
  19  2:38  Marine  
  20  2:47  SCV, Supply Depot  
  20  2:58  Marine  
  20  2:59  Bunker  
  20  3:03  SCV  
  20  3:05  SCV  
  24  3:15  Factory Tech Lab  
  24  3:18  Starport, Marine  
  23  3:27  Supply Depot  
  23  3:34  Siege Tank  
  26  3:44  SCV  
  26  3:45  SCV  
  27  3:56  SCV  
  27  3:57  SCV  
  29  4:03  Barracks Reactor  
  29  4:11  Siege Tank  
  29  4:12  Orbital Command  
  29  4:36  Liberator  
  29  4:40  SCV x2  
  29  4:50  Marine x2  
  29  4:52  SCV x2, Bunker  
  33  4:56  Siege Tank  
  36  5:04  SCV  
  37  5:07  SCV  
  38  5:14  Marine  
  38  5:15  Marine  
  38  5:16  SCV  
  38  5:20  Orbital Command  
  41  5:41  Starport Reactor, Siege Tank  
  44  5:46  Engineering Bay  
  44  5:49  Barracks  
  44  5:50  Barracks  
  44  5:57  Marine x2  
  46  6:30  Supply Depot  
  46  6:31  Supply Depot  
  46  6:32  Marine x2  
  45  6:33  SCV  
  45  6:34  Supply Depot  
  46  6:48  Barracks Tech Lab  
  46  6:52  SCV x2, Marine x2, Medivac  
  46  6:53  Siege Tank  
  55  6:56  Barracks Tech Lab  
  55  7:04  SCV  
  56  7:09  Combat Shield  
  56  7:10  Marine x2  
  56  7:15  Medivac  
  60  7:16  SCV, Stimpack  
  61  7:25  Marauder x2  
  61  7:27  Marine  
  61  7:28  SCV  
  67  7:31  Marine  
  68  7:40  SCV  
  69  7:45  Marine  
  70  7:51  Command Center  
  70  8:14  Marauder, Marine  
  70  8:28  SCV  
  70  8:30  Marine  
  70  8:32  Marine  
  70  8:35  Marauder, Medivac  
  70  8:37  Marine  
  70  8:51  Missile Turret  
  70  8:52  Terran Infantry Armor Level 1  
  70  8:54  Barracks x2  
  70  8:55  Engineering Bay  
  70  9:02  Marine x3, Medivac  
  70  9:03  SCV x2, Orbital Command, Marauder, Siege Tank  
  82  9:13  Concussive Shells  
  82  9:15  SCV x2  
  84  9:17  Refinery x2  
  84  9:19  Missile Turret  
  84  9:20  Marine  
  84  9:22  Missile Turret  
  85  9:39  Refinery  
  85  9:41  Refinery  
  85  9:50  Missile Turret  
  85  9:52  Supply Depot  
  85  9:54  Supply Depot  
  85  10:13  SCV x3, Siege Tank  
  85  10:14  Marauder  
  93  10:15  Marine x2, Supply Depot  
  93  10:16  Marauder, Medivac  
  99  10:25  SCV x2  
  101  10:36  Reaper, Marine x2  
  101  10:37  Marine  
  101  10:38  Missile Turret, Viking  
  101  10:41  Missile Turret  
  107  10:45  SCV x2  
  107  10:47  SCV, Medivac  
  109  11:00  Missile Turret  
  109  11:03  Missile Turret  
  109  11:09  Terran Infantry Weapons Level 1  
  109  11:11  Armory  
  109  11:15  Supply Depot  
  109  11:18  Marine, Supply Depot  
  109  11:36  SCV x3, Marauder, Marine, Medivac  
  109  11:39  Marauder, Siege Tank, Marine, Medivac, Supply Depot  
  125  11:40  Supply Depot  
  125  11:44  Barracks  
  125  11:45  Barracks  
  125  11:55  Supply Depot  
  125  11:59  Supply Depot  
  125  12:00  SCV x3, Marine x3  
  125  12:01  Marauder  
  133  12:09  Barracks Reactor  
  133  12:10  Barracks Reactor  
  133  12:12  SCV x3  
  136  12:18  Marine  
  136  12:19  Thor  
  136  12:21  Viking x2  
  147  12:23  Marauder x2, Marine  
  152  12:30  Supply Depot  
  152  12:31  Supply Depot  
  152  12:35  Barracks Reactor x2  
  152  12:36  Marine  
  153  12:50  Sensor Tower  
  153  12:54  Marine x2  
  153  12:55  Marine x6  
  161  13:01  Sensor Tower  
  161  13:04  Sensor Tower, Viking x2  
  165  13:11  Supply Depot  
  165  13:12  Starport, Marine x3  
  166  13:13  Starport, Marine  
  166  13:17  Missile Turret  
  166  13:18  Marine x2, Supply Depot  
  166  13:19  Marine x2  
  173  13:20  Terran Infantry Weapons Level 2, Supply Depot  
  173  13:24  Terran Infantry Armor Level 2  
  173  13:32  Marine x3  
  176  13:41  Marine x2  
  176  13:42  Marine x7  
  185  13:50  Marine x2  
  141  14:19  Marine x5  
  141  14:20  Marauder x2, Marine x5  
  124  14:37  Marine x6  
  124  14:41  Marauder x2, Marine  
  124  14:42  Marine x3  
  131  14:55  Marine x6  
  131  14:59  Marine  
  135  15:02  Marauder  
  135  15:03  Marauder  
  135  15:06  Marine x3  
  135  15:12  Marine x2  
  135  15:13  Marine x4  
  127  15:17  Marine  
  122  15:24  Marauder x2, Marine x3  
  129  15:30  Marine x3  
  129  15:31  Marine x3  
  129  15:35  Marine  
  127  15:41  Medivac x2  
  127  15:42  Marine x3  
  130  15:45  Marauder x2  
  130  15:48  Marine x3  
Show
View Real Time Build Order
Export as new Build Order

qqq Protoss - Winner!

Build Orders:  

Get SALT Encoding   

  12  0:01  Probe  
  13  0:19  Probe  
  13  0:21  Pylon  
  14  0:47  Probe  
  15  0:52  Forge  
  15  0:59  Probe  
  16  1:05  Pylon  
  16  1:08  Pylon  
  16  1:11  Pylon  
  16  1:25  Pylon  
  16  1:33  Photon Cannon  
  16  1:43  Photon Cannon  
  15  2:05  Photon Cannon  
  15  2:09  Pylon  
  15  2:14  Pylon  
  15  2:18  Photon Cannon  
  15  2:24  Probe  
  16  2:36  Probe  
  17  2:41  Photon Cannon  
  17  2:47  Gateway  
  17  2:58  Photon Cannon  
  17  3:08  Pylon  
  17  3:09  Probe  
  18  3:21  Probe  
  19  3:28  Photon Cannon  
  19  3:36  Pylon  
  19  3:46  Zealot  
  21  3:52  Cybernetics Core  
  21  4:10  Assimilator  
  21  4:14  Assimilator  
  10  4:36  Photon Cannon  
  10  4:38  Probe  
  8  4:50  Probe  
  6  4:53  Zealot  
  8  5:02  Probe  
  9  5:14  Probe  
  10  5:26  Probe  
  13  5:38  Probe (Chrono Boost)  
  11  5:50  Probe (Chrono Boost)  
  11  5:57  Probe (Chrono Boost)  
  12  6:04  Probe  
  13  6:17  Probe  
  14  6:29  Probe  
  15  6:41  Probe  
  15  6:43  Stargate  
  16  6:53  Probe (Chrono Boost)  
  17  6:58  Pylon  
  17  7:05  Probe (Chrono Boost)  
  18  7:13  Probe (Chrono Boost)  
  19  7:19  Probe  
  20  7:29  Phoenix (Chrono Boost)  
  22  7:31  Probe  
  23  7:43  Probe  
  24  7:52  Phoenix (Chrono Boost)  
  24  7:55  Probe  
  26  8:09  Phoenix  
  26  8:10  Probe  
  29  8:38  Phoenix  
  31  9:02  Nexus  
  31  9:03  Phoenix  
  33  9:27  Fleet Beacon  
  33  9:28  Stargate  
  33  9:30  Probe  
  34  9:39  Assimilator  
  34  9:42  Probe  
  35  9:54  Phoenix  
  35  9:55  Probe  
  38  10:25  Probe x2  
  40  10:37  Probe x2  
  40  10:39  Anion Pulse-Crystals  
  42  10:49  Probe x2  
  44  11:01  Probe x2  
  44  11:02  Carrier  
  52  11:10  Assimilator  
  52  11:13  Probe  
  53  11:25  Probe, Protoss Air Weapons Level 1 (Chrono Boost)  
  48  11:36  Probe  
  48  11:37  Probe  
  50  11:49  Probe  
  50  11:50  Probe  
  52  12:01  Probe  
  53  12:02  Probe, Nexus  
  53  12:04  Pylon  
  53  12:08  Pylon  
  54  12:20  Pylon  
  54  12:22  Probe x2  
  56  12:24  Robotics Facility  
  56  12:25  Pylon  
  56  12:32  Pylon  
  56  12:34  Probe x2  
  58  12:38  Carrier  
  64  13:08  Tempest  
  69  13:17  Photon Cannon  
  69  13:21  Photon Cannon  
  69  13:26  Protoss Air Armor Level 1  
  69  13:30  Probe  
  70  13:42  Probe, Carrier  
  70  13:44  Mothership  
  70  13:46  Observer  
  86  13:54  Probe  
  86  13:55  Assimilator  
  87  13:59  Assimilator  
  87  14:06  Probe  
  87  14:07  Observer  
  87  14:18  Probe  
  84  14:29  Observer  
  77  14:47  Carrier  
  82  15:48  Nexus  
  82  15:51  Pylon  
  82  15:55  Pylon  
  82  16:11  Nexus  
  93  16:14  Pylon  
  93  16:16  Pylon  
  93  16:18  Pylon  
Show
View Real Time Build Order
Export as new Build Order

Massa Terran - Winner!

Build Orders: Reaper Expand 

Get SALT Encoding   

  12  0:00  SCV  
  13  0:12  SCV  
  14  0:18  Supply Depot  
  14  0:25  SCV  
  15  0:40  SCV  
  15  0:41  Barracks  
  16  0:46  Refinery  
  16  0:52  SCV  
  17  1:04  SCV  
  18  1:16  SCV  
  19  1:28  Orbital Command  
  20  1:37  Command Center  
  19  1:41  Reaper  
  20  1:54  SCV  
  21  1:55  Supply Depot  
  21  2:06  Factory  
  21  2:13  SCV, Marine  
  23  2:25  SCV  
  24  2:34  Barracks Tech Lab  
  24  2:54  Orbital Command  
  24  2:59  Command Center  
  24  3:22  SCV  
  24  3:25  Engineering Bay  
  25  3:29  Refinery, SCV  
  25  3:32  Factory Tech Lab  
  25  3:33  Marine  
  27  3:34  SCV  
  27  3:37  Barracks  
  27  3:41  SCV, Barracks  
  28  3:46  SCV  
  28  3:47  Starport  
  30  3:50  Marine  
  30  4:33  Missile Turret  
  30  4:40  SCV x2, Missile Turret  
  30  4:43  Siege Tank  
  35  4:46  Marauder, Marine x2  
  35  4:49  Stimpack  
  35  4:51  Barracks  
  35  4:52  SCV x2  
  41  4:54  Medivac  
  41  4:58  Refinery  
  43  5:03  Refinery  
  43  5:04  SCV x3, Marine x2  
  48  5:08  Marauder  
  50  5:15  Siege Tank  
  50  5:16  SCV x3  
  56  5:22  Marine x2  
  56  5:28  SCV x2  
  60  5:31  Missile Turret  
  60  5:32  Missile Turret  
  60  5:34  Orbital Command  
  60  5:39  Marine, Supply Depot x2  
  60  5:40  SCV  
  61  5:43  SCV  
  61  6:00  SCV, Marine  
  61  6:01  Marauder  
  65  6:07  Supply Depot  
  65  6:08  Supply Depot x2  
  65  6:12  Medivac, Supply Depot  
  65  6:35  SCV x2  
  65  6:37  SCV  
  68  6:47  SCV x2  
  68  6:48  Marine x3  
  68  6:49  SCV, Marine  
  75  6:58  Missile Turret  
  75  6:59  SCV x2  
  77  7:01  SCV  
  77  7:06  Marine x4  
  82  7:11  SCV  
  82  7:13  Starport Reactor  
  83  7:24  Marine x4  
  87  7:39  Barracks x2  
  87  7:42  Marine x4  
  87  7:43  Barracks  
  91  7:49  Cyclone  
  94  7:59  Missile Turret  
  94  8:01  Missile Turret  
  94  8:04  Missile Turret  
  94  8:11  SCV x3  
  94  8:12  Terran Infantry Weapons Level 1  
  94  8:20  Marauder  
  94  8:21  Barracks Reactor, Barracks Tech Lab, Marine  
  94  8:23  SCV x3  
  96  8:38  Siege Tank  
  101  8:41  Marauder  
  101  8:47  Combat Shield  
  101  8:48  Barracks Reactor, Barracks Tech Lab  
  101  8:49  Barracks Reactor, Barracks Tech Lab  
  103  9:02  Marauder  
  103  9:24  Marauder  
  105  9:29  Siege Tank  
  105  9:30  Marine  
  109  9:37  Supply Depot x2  
  109  9:38  Supply Depot  
  109  9:39  Supply Depot  
  109  9:40  Armory  
  109  9:42  Engineering Bay  
  109  9:47  Command Center  
  109  9:58  Marauder x2, Medivac x2  
  109  9:59  Marauder x2, Concussive Shells  
  121  10:00  Supply Depot  
  121  10:01  Supply Depot  
  121  10:03  Supply Depot  
  121  10:05  Supply Depot  
  121  10:20  Marauder x4  
  129  10:24  Supply Depot  
  129  10:26  Supply Depot  
  129  10:27  Supply Depot  
  129  10:28  Medivac x2  
  133  10:29  Refinery  
  133  10:31  Refinery  
  133  10:40  Terran Infantry Weapons Level 2  
  133  10:41  Terran Infantry Armor Level 1, Marauder x2  
  133  10:42  Terran Vehicle Weapons Level 1  
  137  10:47  Ghost Academy  
  137  10:52  Command Center  
  137  11:02  Siege Tank  
  140  11:08  Medivac  
  142  11:12  SCV x3  
  145  11:19  Personal Cloaking  
  145  11:24  SCV x3  
  148  11:26  Ghost Academy  
  148  11:32  Missile Turret  
  148  11:34  Siege Tank  
  148  11:35  Missile Turret  
  148  11:36  SCV x3  
  154  11:41  Missile Turret  
  154  11:47  Sensor Tower  
  154  11:48  SCV x3  
  154  11:51  Sensor Tower  
  154  11:52  Missile Turret  
  157  11:57  Orbital Command  
  157  12:02  Sensor Tower, Missile Turret  
  157  12:12  Missile Turret  
  157  12:16  Sensor Tower  
  157  12:18  Medivac x2  
  157  12:22  Nuke, Missile Turret  
  161  12:26  Armory  
  161  12:34  Missile Turret  
  161  12:39  Terran Infantry Armor Level 2  
  161  12:40  Starport  
  161  12:45  Nuke, Missile Turret  
  161  12:52  Refinery  
  161  12:54  Refinery, SCV x4, Missile Turret  
  165  13:06  SCV x2  
  165  13:09  Ghost x4  
  165  13:11  Terran Infantry Weapons Level 3  
  175  13:14  Missile Turret  
  175  13:31  Terran Vehicle Weapons Level 2, Terran Vehicle And Ship Armor Level 1  
  175  13:33  Starport Tech Lab  
  146  14:18  Marauder x4, Marine x5  
  146  14:19  Marine  
  135  14:36  Marine x4  
  135  14:39  Marauder x4  
  134  14:48  Medivac  
  134  14:49  Medivac x2  
  134  14:51  Siege Tank  
  139  15:00  Marauder  
  139  15:01  Marauder x3  
  143  15:18  Medivac  
  143  15:19  Medivac  
  147  15:24  Siege Tank  
  147  15:27  Marauder x4, Marine x2  
  154  15:57  Factory x2  
Tags
 
Add a new tag
Caveats
  • Supply blocks, unpowered buildings, or Contaminate may cause inaccurate times.
  • Supply counts are checked every 10 seconds.